 Dungeon Crawl Stone Soup version 0.20.1-1-g8b1a95d (webtiles) character file.

5865 gobwax the Severer (level 10, -4/77 HPs)
             Began as a Hill Orc Fighter on Sept 9, 2017.
             Was a Follower of Beogh.
             Killed from afar by Erica (28 damage)
             ... with a bolt of poison
             ... on level 9 of the Dungeon.
             The game lasted 00:15:11 (8938 turns).

gobwax the Severer (Hill Orc Fighter)               Turns: 8938, Time: 00:15:12

Health: -4/77      AC:  5    Str: 27    XL:     10   Next: 81%
Magic:  10/10      EV:  7    Int: 10    God:    Beogh [*.....]
Gold:   468        SH: 10    Dex: 13    Spells: 9/9 levels left

rFire    + . .     SeeInvis .   a - +1 war axe
rCold    . . .     Gourm    .   c - +0 shield
rNeg     . . .     Faith    .   b - +0 scale mail
rPois    .         Spirit   .   D - +1 helmet
rElec    .         Reflect  .   (no cloak)
rCorr    .         Harm     .   (no gloves)
MR       .....                  (no boots)
Stlth    ..........             (no amulet)
Regen    0.3/turn               o - +3 ring of dexterity
MPRegen  0.2/turn               v - ring of protection from fire

@: lethally poisoned (-4 -> -17), about to teleport, corroded
A: clever 1, strong 2
a: Renounce Religion


You were on level 9 of the Dungeon.
You worshipped Beogh.
Beogh was aware of your devotion.
You were not hungry.

You visited 1 branch of the dungeon, and saw 9 of its levels.
You also visited: Sewer.

You collected 468 gold pieces.

Inventory:

Hand Weapons
 a - a +1 war axe (weapon)
Armour
 b - a +0 scale mail (worn)
 c - a +0 shield (worn)
 D - a +1 helmet (worn)
Jewellery
 o - a +3 ring of dexterity (left hand)
 v - a ring of protection from fire (right hand)
Wands
 e - a wand of random effects (23/48)
 z - a wand of random effects (20/48)
 A - a wand of digging (24/24)
 F - a wand of polymorph (7/24)
Scrolls
 h - a scroll of recharging
 j - a scroll of random uselessness {unknown}
 k - 3 scrolls of teleportation
 l - 3 scrolls of remove curse
 n - 11 scrolls of identify {unknown}
 q - 2 scrolls of magic mapping
 y - 2 scrolls of enchant weapon
Potions
 d - a potion of lignification {unknown}
 i - 3 potions of curing
 m - 2 potions of flight
 s - 2 potions of haste
 t - 2 potions of might
 E - a potion of cancellation {unknown}
 G - a potion of magic {unknown}
Books
 u - a book of Changes

   Spells                             Type                      Level
   a - Beastly Appendage              Transmutation                1
   b - Sticks to Snakes               Transmutation                2
   c - Spider Form                    Transmutation/Poison         3
   d - Ice Form                       Ice/Transmutation            4
   e - Blade Hands                    Transmutation                5
Comestibles
 f - 8 bread rations
 g - 3 meat rations
 p - a chunk of flesh
 r - 8 fruits


   Skills:
 - Level 3.6 Fighting
 * Level 18.8 Axes
 - Level 3.2 Armour
 - Level 3.2 Shields


You had 9 spell levels left.
You didn't know any spells.

Dungeon Overview and Level Annotations

Branches:
Dungeon (9/15)             Temple (0/1) D:5            Lair (0/6) D:9
    Orc (0/2) D:9

Altars:
Ashenzari
Elyvilon
Gozag
Nemelex Xobeh
Okawaru
Qazlal
Uskayaw
Vehumet
Yredelemnul

Shops:
D:6 }   D:7 (

Annotations:
D:9 Erica


Innate Abilities, Weirdness & Mutations

Your mind is acute. (Int +2)
Your muscles are very strong. (Str +4)


Message History

You slice Erica!!
Erica is moderately wounded.
Erica hits you but does no damage.
Okay, then.
As you read the scroll labeled FYDUNU QOLAGU, it crumbles to dust.
The creatures around you are filled with an inner flame!
It was a scroll of immolation.
Erica zaps a wand.
The bolt of acid hits you!
You are splashed with acid!
The acid burns!
* * * LOW HITPOINT WARNING * * *
As you read the scroll labeled LUPNUK LEUNU, it crumbles to dust.
It is a scroll of recharging.
Charge which item? (? for menu, Esc to quit)
Your wand of digging (?/24) glows for a moment.
Erica closely misses you.
As you read the scroll labeled OXEIFO YLUIQYC, it crumbles to dust.
You feel strangely unstable.
It was a scroll of teleportation.
Erica casts a spell at you. The bolt of poison hits you!
You are poisoned.
You die...

######.###### #........
#.# ######... #.# ###'
#.# #). #####'## ##.
#......# ## #.. #......#
.# .##### #......#
######.#### ......
#......### #..@.@....#
......
+......'.###.........#
......
#......#................
......
#......#####.........###
...... #......#
##.######## ......
####+### #.# ###### #.#
#... +####### #.#
######'##
.......#######.#
#...)....


You could see Erica (inner flame).

Vanquished Creatures
  The ghost of bart the Frost Mage, a novice BaWn of Vehumet (D:8)
  Maurice (D:9)
  Grinder (D:5)
  A spriggan (D:9)
  11 yaks
  A hungry ghost (D:3)
  A water moccasin (D:8)
  An orc warrior (D:8)
  2 sky beasts (D:8)
  An ice beast (D:8)
  4 ogres
  Blork the orc (D:5)
  2 big kobolds
  2 bullfrogs
  A wyvern zombie (D:7)
  3 scorpions
  5 killer bees (D:8)
  4 wights (D:8)
  A howler monkey (D:6)
  4 crimson imps
  A bullfrog zombie (D:5)
  2 jellies (D:8)
  A quasit (D:6)
  2 hounds
  2 orc priests (D:8)
  3 bullfrog skeletons
  A centaur skeleton (D:7)
  2 iguanas
  6 orc wizards
  7 worker ants
  A worker ant zombie (D:9)
  7 adders
  2 river rats (D:5)
  A shadow imp (D:6)
  An adder skeleton (D:8)
  5 worms
  A dart slug (D:1)
  4 leopard geckos
  25 orcs
  4 ball pythons
  6 giant cockroaches
  9 goblins
  6 hobgoblins
  9 jackals
  4 quokkas
  8 bats
  3 frilled lizards
  14 kobolds
  A quokka zombie (D:7)
  15 rats
201 creatures vanquished.

Vanquished Creatures (others)
  A rat (D:3)
1 creature vanquished.

Grand Total: 202 creatures vanquished

Notes
Turn   | Place    | Note
-------+----------+-------------------------------------------
     0 | D:1      | gobwax the Hill Orc Fighter began the quest for the Orb.
     0 | D:1      | Reached XP level 1. HP: 19/19 MP: 1/1
    46 | D:1      | Reached skill level 3 in Axes
    54 | D:1      | Reached XP level 2. HP: 13/26 MP: 2/2
   504 | D:1      | Reached skill level 4 in Axes
   796 | D:1      | Reached XP level 3. HP: 31/31 MP: 3/3
   955 | D:2      | Found a faded altar of an unknown god.
  1030 | D:2      | Reached skill level 5 in Axes
  1094 | D:2      | Reached XP level 4. HP: 27/39 MP: 4/4
  1382 | D:2      | Found a basalt altar of Yredelemnul.
  1385 | D:2      | You fall through a shaft!
  1516 | D:3      | Reached skill level 6 in Axes
  1876 | D:3      | Found an iron altar of Okawaru.
  1876 | D:3      | Noticed a hungry ghost
  1897 | D:3      | Killed a hungry ghost
  1897 | D:3      | Reached skill level 8 in Axes
  1897 | D:3      | Reached XP level 5. HP: 44/45 MP: 5/5
  1897 | D:3      | Reached XP level 6. HP: 49/51 MP: 6/6
  2046 | D:3      | Found a stormy altar of Qazlal.
  2626 | D:4      | Reached skill level 9 in Axes
  2715 | D:4      | Reached XP level 7. HP: 57/57 MP: 7/7
  2798 | D:4      | Reached skill level 10 in Axes
  3369 | D:4      | Found a white marble altar of Elyvilon.
  3699 | D:5      | Entered Level 5 of the Dungeon
  3778 | D:5      | Found a glowing drain.
  3810 | Sewer    | Entered a sewer
  3893 | Sewer    | Reached skill level 11 in Axes
  3970 | Sewer    | Found a white marble altar of Elyvilon.
  4167 | D:5      | Found an opulent altar of Gozag.
  4193 | D:5      | Found a staircase to the Ecumenical Temple.
  4259 | D:5      | Noticed Blork the orc
  4262 | D:5      | Found a hide-covered altar of Uskayaw.
  4270 | D:5      | Killed Blork the orc
  4270 | D:5      | Reached XP level 8. HP: 59/64 MP: 8/8
  4426 | D:5      | Noticed Grinder
  4436 | D:5      | Paralysed by Grinder for 5 turns
  4451 | D:5      | Paralysed by Grinder for 2 turns
  4457 | D:5      | Killed Grinder
  4457 | D:5      | Reached skill level 12 in Axes
  4806 | D:6      | Reached skill level 13 in Axes
  4864 | D:6      | Found Desuri Weph's Gadget Boutique.
  5197 | D:7      | Found Gisudgh's Weapon Shoppe.
  5272 | D:7      | Reached skill level 14 in Axes
  5272 | D:7      | Reached XP level 9. HP: 54/70 MP: 9/9
  5419 | D:7      | Found a radiant altar of Vehumet.
  5829 | D:7      | Became a worshipper of Beogh the Brigand
  6312 | D:8      | Found a shattered altar of Ashenzari.
  6349 | D:8      | Reached skill level 15 in Axes
  6912 | D:8      | Reached * piety under Beogh
  7240 | D:8      | Reached skill level 16 in Axes
  7264 | D:8      | Gained mutation: Your magical capacity is low. (-10% MP) [mutagenic meat]
  7265 | D:8      | Gained mutation: Your mind is acute. (Int +2) [mutagenic meat]
  7266 | D:8      | Gained mutation: You are somewhat resistant to further mutation. [mutagenic meat]
  7649 | D:8      | Reached XP level 10. HP: 77/77 MP: 9/9
  7654 | D:8      | Noticed bart's ghost (novice BaWn)
  7657 | D:8      | Lost mutation: Your magical capacity is low. (-10% MP) [potion of mutation]
  7657 | D:8      | Lost mutation: You are somewhat resistant to further mutation. [potion of mutation]
  7657 | D:8      | Lost mutation: Your mind is acute. (Int +2) [potion of mutation]
  7657 | D:8      | Gained mutation: Your mind is acute. (Int +2) [potion of mutation]
  7657 | D:8      | Gained mutation: Your muscles are strong. (Str +2) [potion of mutation]
  7657 | D:8      | Gained mutation: Your muscles are very strong. (Str +4) [potion of mutation]
  7688 | D:8      | Killed bart's ghost
  7688 | D:8      | Reached skill level 17 in Axes
  8195 | D:9      | Found a staircase to the Lair.
  8248 | D:9      | Noticed Maurice
  8259 | D:9      | Killed Maurice
  8259 | D:9      | Reached skill level 18 in Axes
  8869 | D:9      | Found a sparkling altar of Nemelex Xobeh.
  8891 | D:9      | Found a staircase to the Orcish Mines.
  8928 | D:9      | Noticed Erica
  8938 | D:9      | Killed from afar by Erica

Skill      XL: |  1  2  3  4  5  6  7  8  9 10 |
---------------+-------------------------------+-----
Axes           | 3 4 5 8 9 11 14 16 18 | 18.8
Fighting       | |  3.6
Armour         | |  3.2
Shields        | |  3.2

Action                   |  1- 3 |  4- 6 |  7- 9 | 10-12 || total
-------------------------+-------+-------+-------+-------++-------
Melee: War axe           |   110 |   127 |   498 |   111 ||   846
Invok: Convert to Beogh  |       |       |     1 |       ||     1
  Use: Potion            |       |     6 |     4 |     3 ||    13
       Scroll            |       |       |     7 |     3 ||    10
  Eat: Chunk             |     1 |     6 |    17 |     5 ||    29
       Fruit             |       |     1 |     1 |       ||     2
       Meat ration       |       |     1 |       |       ||     1
       Royal jelly       |       |       |     1 |       ||     1
Armor: Scale mail        |    63 |    52 |   142 |    15 ||   272
Dodge: Dodged            |    38 |    36 |   110 |    17 ||   201
Block: Shield            |    55 |    44 |   167 |    31 ||   297
